 Dungeon Crawl Stone Soup version 0.20.1-1-g8b1a95d66d (webtiles) character file.

389 Gargoyl the Skirmisher (level 6, -6/52 HPs)
             Began as a Centaur Abyssal Knight on Nov 23, 2017.
             Was a Believer of Lugonu.
             Killed by divine providence
             ... invoked by an orc priest
              (16 damage)
             ... on level 4 of the Dungeon.
             The game lasted 00:07:32 (3457 turns).

Gargoyl the Skirmisher (Centaur Abyssal Knight)     Turns: 3457, Time: 00:07:33

Health: -6/52      AC:  9    Str: 15    XL:     6   Next: 50%
Magic:  8/8        EV:  2    Int: 11    God:    Lugonu [**....]
Gold:   171        SH:  9    Dex: 12    Spells: 5/5 levels left

rFire    . . .     SeeInvis .   a - +1 hand axe
rCold    . . .     Gourm    .   i - +2 shield
rNeg     . . .     Faith    .   f - +0 chain mail
rPois    .         Spirit   .   k - +0 helmet
rElec    .         Reflect  .   (no cloak)
rCorr    .         Harm     .   (no gloves)
MR       .....                  (no barding)
Stlth    ..........             h - amulet of magic regeneration
Regen    0.2/turn               (no ring)
MPRegen  0.2/turn               (no ring)

@: slowed
A: hooves 3, agile 1, deformed body, speed 2, screaming 2, tough skin 3
a: Depart the Abyss, Bend Space, Renounce Religion


You were on level 4 of the Dungeon.
You worshipped Lugonu.
Lugonu was pleased with you.
You were not hungry.

You visited 1 branch of the dungeon, and saw 4 of its levels.
You visited the Abyss 1 time.

You collected 171 gold pieces.

Inventory:

Hand Weapons
 a - a +1 hand axe (weapon)
Armour
 f - a +0 chain mail (worn)
 i - a +2 shield (worn)
 k - a +0 helmet (worn)
Jewellery
 h - an amulet of magic regeneration (around neck)
Wands
 e - a wand of lightning (2/15)
Scrolls
 n - a scroll of identify
Potions
 l - a potion of might
 o - a potion of magic
 q - a potion of lignification
Comestibles
 b - a fruit
 c - 3 bread rations
 d - 2 royal jellies
 g - 4 chunks of flesh
 m - 2 meat rations


   Skills:
 + Level 4.2 Fighting
 + Level 3.7 Axes
 * Level 2.5 Armour
 + Level 1.2 Dodging
 + Level 1.2 Shields
 * Level 3.3 Invocations


You had 5 spell levels left.
You didn't know any spells.

Dungeon Overview and Level Annotations

Branches:
Dungeon (4/15)
 Temple: D:4-7

Altars:
Dithmenos
Trog
Xom

Annotations:
D:3 Allophanate's ghost, amateur HOFi


Innate Abilities, Weirdness & Mutations

You have hooves in place of feet.
Armour fits poorly on your strangely shaped body.
You cover ground very quickly.
You have extremely tough skin. (AC +3)
You are agile. (Dex +2)
You sometimes yell uncontrollably at your foes.


Message History

You block something's attack. The orc wizard hits you with a dagger.
* * * LOW HITPOINT WARNING * * *
Something hits you but does no damage. Space bends around you!
You blink.
An orc wizard appears from thin air!
Reactivating autopickup.
The orc wizard is no longer moving quickly.
The orc wizard casts a spell.
The orc wizard seems to speed up.
The orc priest hits you.
* * * LOW HITPOINT WARNING * * *
Unknown command.
The orc wizard gestures at you while chanting.
You resist with some effort.
The orc wizard gestures at you while chanting.
The puff of flame hits you!
The orc wizard mumbles some strange words.
The orc wizard flickers and vanishes!
Deactivating autopickup; reactivate with Ctrl-A.
The orc priest mumbles some strange prayers to Beogh against you.
Beogh smites you!
You die...

#. #....##....#.# #.######
##....##....#.#####.##
.......
+.....................
......#
####.###....#.#.##...#
......# #.# ###..#.#<......
......# #.######.#.#.#<...#
.[....# #..........#.#....#
...÷..#################.##.#
....
...._...oo{.....@.......##.#
....
###.$o################.....#
... ........ooo†....<#
#.....# ..>
################## #.....#
'.........# #..(..#
#########.############.....#
'........................#.#
#########.######......##.#.#
# #.# #......##...#


You could see an orc priest.

Vanquished Creatures
  Sigmund (D:2)
  Natasha (twice) (D:2)
  A worker ant (D:4)
  Robin (D:2)
  6 adders
  2 oozes
  2 worms (D:2)
  3 dart slugs
  2 leopard geckos (D:1)
  2 giant cockroaches (D:1)
  11 goblins
  10 hobgoblins
  11 jackals
  2 quokkas (D:2)
  4 ball pythons
  9 bats
  6 frilled lizards
  7 kobolds
  6 rats
88 creatures vanquished.

Notes
Turn   | Place    | Note
-------+----------+-------------------------------------------
     0 | Abyss:1  | Gargoyl the Centaur Abyssal Knight began the quest for the Orb.
     0 | Abyss:1  | Reached XP level 1. HP: 19/19 MP: 2/2
    37 | Abyss:2  | Noticed a blink frog
    40 | Abyss:2  | Noticed a blink frog
    43 | Abyss:2  | Noticed a blink frog
    95 | Abyss:2  | Found a corrupted altar of Lugonu.
   126 | Abyss:2  | Noticed a stone giant zombie
   127 | Abyss:2  | Noticed a large abomination
   130 | Abyss:2  | Noticed a large abomination
   205 | Abyss:4  | Noticed a jelly
   213 | Abyss:4  | Noticed a raiju
   214 | Abyss:4  | Noticed a raiju
   215 | Abyss:4  | Noticed a raiju
   216 | D:1      | Escaped the Abyss
   386 | D:1      | Reached XP level 2. HP: 25/26 MP: 3/3
   611 | D:1      | Reached * piety under Lugonu
   716 | D:1      | Reached XP level 3. HP: 25/31 MP: 4/4
  1472 | D:2      | Noticed Robin
  1477 | D:2      | Reached XP level 4. HP: 39/40 MP: 5/5
  1482 | D:2      | Reached skill level 1 in Dodging
  1490 | D:2      | Killed Robin
  1535 | D:2      | Noticed Natasha
  1540 | D:2      | Killed Natasha
  1540 | D:2      | Reached ** piety under Lugonu
  1540 | D:2      | Reached skill level 4 in Fighting
  1862 | D:2      | Noticed Sigmund
  1870 | D:2      | Killed Sigmund
  1870 | D:2      | Reached skill level 1 in Shields
  1870 | D:2      | Reached XP level 5. HP: 28/46 MP: 5/7
  1870 | D:2      | Reached XP level 6. HP: 32/52 MP: 5/8
  2339 | D:2      | Found a shadowy altar of Dithmenos.
  2541 | D:2      | Found a shimmering altar of Xom.
  2609 | D:2      | Noticed Natasha
  2615 | D:2      | Killed Natasha
  2765 | D:3      | Noticed Allophanate's ghost (amateur HOFi)
  2872 | D:3      | Gained mutation: You occasionally shout uncontrollably at your foes. [potion of mutation]
  2872 | D:3      | Gained mutation: You sometimes yell uncontrollably at your foes. [potion of mutation]
  2872 | D:3      | Gained mutation: You are agile. (Dex +2) [potion of mutation]
  2876 | D:3      | HP: 2/52 [Allophanate's ghost (7)]
  3390 | D:4      | Found a bloodstained altar of Trog.
  3457 | D:4      | Killed from afar by an orc priest

Skill      XL: |  1  2  3  4 |
---------------+-------------+-----
Axes           | 2 3 |  3.7
Armour         | 2 |  2.5
Dodging        | 1 |  1.2
Fighting       | 4 |  4.2
Shields        | 1 |  1.2
Invocations    | 3 |  3.3

Action                   |  1- 3 |  4- 6 || total
-------------------------+-------+-------++-------
Melee: Hand axe          |   119 |   163 ||   282
       Kick              |    11 |    30 ||    41
Invok: Depart the Abyss  |     1 |       ||     1
       Bend Space        |       |     2 ||     2
  Use: Scroll            |     4 |     5 ||     9
       Potion            |     1 |     4 ||     5
  Eat: Chunk             |     1 |     6 ||     7
Armor: Chain mail        |    98 |   105 ||   203
Dodge: Dodged            |    14 |    18 ||    32
Block: Shield            |    44 |    92 ||   136
